 Dungeon Crawl Stone Soup version 0.29.0-4-gdea44cf6ec (webtiles) character file.

Game seed: 15295500754190048139

12 qw the Chopper (level 2, 0/17 HPs)
             Began as a Tengu Warper on Aug 28, 2022.
             Slain by a shadow imp (1 damage)
             ... summoned by Natasha
             ... on level 2 of the Dungeon.
             The game lasted 00:00:02 (488 turns).

qw the Chopper (Tengu Warper)                        Turns: 488, Time: 00:00:02

Health: 0/17       AC:  3    Str: 11    XL:     2   Next: 33%
Magic:  6/6        EV: 11    Int: 13    God:
Gold:   36         SH:  0    Dex: 13    Spells: 5/5 levels left

rFire   . . .      SeeInvis .   a - +0 hand axe
rCold   . . .      Faith    .   (no shield)
rNeg    . . .      Spirit   .   b - +0 leather armour
rPois   .          Reflect  .   (helmet restricted)
rElec   .          Harm     .   (no cloak)
rCorr   .          Rampage  .   (no gloves)
Will    .....                   (boots unavailable)
Stlth   +.........              (no amulet)
HPRegen 0.05/turn               (no ring)
MPRegen 0.10/turn               (no ring)

@: no status effects
A: beak, talons 3
a: no special abilities


You were on level 2 of the Dungeon.
You visited 1 branch of the dungeon, and saw 2 of its levels.

You collected 36 gold pieces.


Innate Abilities, Weirdness & Mutations

You have a beak for a mouth.
You have claws for feet.


   Skills:
 - Level 2.0 Fighting
 + Level 3.2 Axes
 - Level 1.0 Throwing
 - Level 1.1 Armour
 - Level 2.1 Dodging
 - Level 2.0 Spellcasting
 - Level 2.4 Translocations


You had 5 spell levels left.
You didn't know any spells.
Your spell library contained the following spells:

 Spells                   Type           Power      Damage    Failure   Level
 Blink                    Tloc           14%        N/A       19%         2
 Gell's Gravitas          Tloc           7%         N/A       36%         3
 Lesser Beckoning         Tloc           7%         N/A       36%         3
 Teleport Other           Tloc           7%         N/A       36%         3
 Manifold Assault         Tloc           7%         N/A       98%         5

Inventory:

Hand Weapons
 a - a +0 hand axe (weapon)
Armour
 b - a +0 leather armour (worn)
Jewellery
 e - a ring of resist corrosion
Scrolls
 c - a scroll of blinking
Potions
 d - a potion of haste {unknown}
 f - 2 potions of brilliance {unknown}
 g - a potion of ambrosia {unknown}

Dungeon Overview and Level Annotations

Branches:
Dungeon (1/15)

Altars:

Annotations:
D:2 Natasha


Message History

g - a silvery potion A hobgoblin comes into view.
You hit the hobgoblin but do no damage. You claw the hobgoblin.
The hobgoblin is almost dead.
The hobgoblin hits you but does no damage.
You barely miss the hobgoblin. You claw the hobgoblin.
You kill the hobgoblin!
Natasha, Servant of Life and Death comes into view.
Natasha hisses angrily.
Natasha wildly gestures.
You feel troubled.
You closely miss Natasha. Natasha claws you but does no damage.
You hit Natasha but do no damage. Natasha barely misses you.
You hit Natasha but do no damage. Your kick misses Natasha.
Natasha mumbles some strange words.
Natasha hisses.
Natasha claws you but does no damage.
You closely miss Natasha. Natasha claws you!
You hit Natasha but do no damage. You claw Natasha, but do no damage.
Your peck misses Natasha. Natasha barely misses you.
You hit Natasha but do no damage. You claw Natasha.
Natasha is moderately wounded.
You barely miss the shadow imp. The shadow imp hits you.
Natasha howls an incantation.
Natasha glows brightly for a moment.
Natasha claws you.
You hit Natasha. Your kick misses Natasha.
Natasha is severely wounded.
You barely miss the shadow imp. Natasha claws you. The shadow imp misses you.
You barely miss Natasha.
Natasha is severely wounded.
You hit the shadow imp. Natasha barely misses you. The shadow imp hits you.
You die...

##..# ... ##.# ...
#.## #'# #######..#
###.####....###.#
#......#.##.# #.#
#####.#.##.#.##.# #.#
................###.#
#.h@...#.#......#
#.5..#.#.##.#####
#.#.##.#....#
#......######
###.#### #.# #.# #.#


You could see Natasha and a shadow imp (summoned).

Vanquished Creatures
  A bat (D:1)
  An endoplasm (D:1)
  A goblin (D:1)
  A hobgoblin (D:2)
  3 quokkas (D:1)
  2 kobolds
  A rat (D:1)
10 creatures vanquished.

Notes
Turn   | Place    | Note
-------+----------+-------------------------------------------
     0 | D:1      | qw the Tengu Warper began the quest for the Orb.
     0 | D:1      | Reached XP level 1. HP: 12/12 MP: 4/4
     0 | D:1      | 0 ||| qw: Version: 0.1-a-89-g26bdef1
     0 | D:1      | 0 ||| qw: Game counter: 175
     0 | D:1      | 0 ||| qw: Always use a shield: true
     0 | D:1      | 0 ||| qw: God list: Okawaru
     0 | D:1      | 0 ||| qw: Allow faded altars: false
     0 | D:1      | 0 ||| qw: Do Orc after D:15 true
     0 | D:1      | 0 ||| qw: Do second Lair branch before Depths: true
     0 | D:1      | 0 ||| qw: Lair rune preference: random
     0 | D:1      | 0 ||| qw: Plans: Normal
     0 | D:1      | 0 ||| PLANNING D:1-11
    45 | D:1      | HP: 3/12 [quokka (3)]
   277 | D:1      | Found a faded altar of an unknown god.
   288 | D:1      | Reached XP level 2. HP: 13/17 MP: 6/6
   291 | D:1      | Reached skill level 3 in Axes
   420 | D:1      | You fall into a shaft and drop 1 floor!
   478 | D:2      | Noticed Natasha
   486 | D:2      | HP: 4/17 [Natasha (1)]
   487 | D:2      | HP: 1/17 [Natasha (3)]
   488 | D:2      | Slain by a shadow imp

Levels and vault maps discovered:
D:1:      psy_arrival_basics, layout_basic, ebering_ecumenical_altar_ruins
D:2:      layout_loops_corners, uniq_natasha

Skill      XL: |  1  2 |
---------------+-------+-----
Axes           | 3 |  3.2
Fighting       | |  2.0
Throwing       | |  1.0
Armour         | |  1.1
Dodging        | |  2.1
Spellcasting   | |  2.0
Translocations | |  2.4

Action                   || total
-------------------------++-------
Melee: Hand axe          ||    26
       Kick              ||     8
       Peck              ||     2
Throw: Boomerang         ||     7
Armor: Leather armour    ||     6
Dodge: Dodged            ||     9

Table legend:
 A = Non-vault XP
 B = Vault XP
 C = Vault XP percentage of total XP
 D = Non-vault monster count
 E = Vault monster count
 F = Vault count percentage of total count
                 A         B        C        D         E       F
            +---------+---------+-------+---------+---------+-------
      Total |      18 |       0 |   0.0 |      10 |       0 |   0.0
            +---------+---------+-------+---------+---------+-------
        D:1 |      14 |       0 |   0.0 |       8 |       0 |   0.0
        D:2 |       4 |       0 |   0.0 |       2 |       0 |   0.0
            +---------+---------+-------+---------+---------+-------
